 Dungeon Crawl Stone Soup version 0.31.0-11-ge490571c62 (webtiles) character file.

Game seed: 845894916817554418

56 H0rd4k the Charlatan (level 3, 0/28 HPs)
             Began as a Human Artificer on Feb 7, 2024.
             Slain by an orc priest
             ... wielding a +0 flail
              (4 damage)
             ... on level 3 of the Dungeon.
             The game lasted 00:01:40 (1556 turns).

H0rd4k the Charlatan (Human Artificer)              Turns: 1556, Time: 00:01:41

Health: 0/28       AC:  4    Str: 12    XL:     3   Next: 95%
Magic:  3/3        EV: 11    Int: 13    God:
Gold:   60         SH:  0    Dex: 13    Spells: 2/2 levels left

rFire   . . .        f - +0 rapier
rCold   . . .        (no shield)
rNeg    . . .        b - +0 leather armour
rPois   .            a - +1 hat
rElec   .            (no cloak)
rCorr   .            (no gloves)
SInv    .            (no boots)
Will    .....        (no amulet)
Stlth   +            (no ring)
HPRegen 0.24/turn    (no ring)
MPRegen 0.08/turn

%: no passive effects
@: mighty
A: explore regen
a: no special abilities


You were on level 3 of the Dungeon.
You visited 1 branch of the dungeon, and saw 3 of its levels.

You collected 60 gold pieces.

Inventory:

Hand Weapons
 f - a +0 rapier (weapon)
Armour
 a - a +1 hat (worn)
 b - a +0 leather armour (worn)
Magical Staves
 i - a staff of fire
Wands
 c - a wand of flame (14) (quivered)
 d - a wand of charming (12)
 e - a wand of iceblast (5)
Scrolls
 j - a scroll of identify {unknown}
 k - a scroll of teleportation {unknown}
 m - 3 scrolls of silence {unknown}
Potions
 g - a potion of berserk rage {unknown}
 l - 2 potions of brilliance {unknown}


   Skills:
 + Level 2.7 Fighting
 + Level 2.1 Short Blades
 - Level 2.0 Armour
 - Level 1.0 Dodging
 - Level 1.0 Stealth
 - Level 3.0 Evocations


You had 2 spell levels left.
You didn't know any spells.
Your spell library was empty.

Dungeon Overview and Level Annotations

Branches:
Dungeon (3/15)

Altars:

Annotations:
D:2 exclusion: downstairs


Innate Abilities, Weirdness & Mutations

You regain HP and MP as you explore.


Message History

The jackal bites you but does no damage.
The orc priest calls down the wrath of Beogh upon you.
Beogh smites you!
* * * LOW HITPOINT WARNING * * *
The jackal bites you but does no damage.
Aiming: Charm
Press: ? - help, Shift-Dir - straight line, f - jackal
Aim: a jackal (severely wounded, chance to affect: 73%)
The jackal is charmed.
The jackal closely misses your jackal. The jackal barely misses your jackal.
Unknown command.
What are your orders? t - Shout!
Orders for allies: a - Attack new target. p - Attack previous target. r - Retreat! s - Stop attacking. g - Guard the area. f - Follow me.
Anything else - Cancel.
Guard this area!
Your jackal closely misses the jackal.
The jackal bites your jackal but does no damage.
It was a potion of might.
You feel very mighty all of a sudden.
Your jackal barely misses the jackal.
The jackal closely misses your jackal.
Your jackal closely misses the jackal.
The jackal bites your jackal but does no damage.
You swap places.
The jackal bites you.
* * * LOW HITPOINT WARNING * * *
Things that are here:
a jackal corpse; a jackal corpse You hit the jackal.
The jackal is moderately wounded.
The jackal misses you.
The jackal bites you but does no damage.
You hit the jackal.
You kill the jackal!
You barely miss the orc priest.
The orc priest hits you with a +0 flail.
* * * LOW HITPOINT WARNING * * *
You closely miss the orc priest.
The orc priest hits you with a +0 flail.
You die...

.... ..... ..)..
.....# ....## #...#
#####
#..########...######
#.o@h†.......'...>#
#.########...####.#
#..#### #...####.#
#..'..## #...#....#
#..##<.###...#.##.#
#..##......##[o.#.#
...##.####..#...#.#
...##.. ...#...#.#
####### ###.#...#.#


You could see an orc priest (ally target) and a friendly jackal (charmed).

Vanquished Creatures
  2 adders (D:2)
  2 orcs
  6 bats
  An endoplasm (D:2)
  A giant cockroach (D:3)
  A goblin (D:1)
  2 hobgoblins (D:2)
  3 jackals (D:3)
  4 quokkas
  4 ball pythons
  4 frilled lizards
  3 kobolds (D:2)
  A rat (D:1)
34 creatures vanquished.

Vanquished Creatures (others)
  An orc (D:3)
1 creature vanquished.

Grand Total: 35 creatures vanquished

Notes
Turn   | Place    | Note
-------+----------+-------------------------------------------
     0 | D:1      | H0rd4k the Human Artificer began the quest for the Orb.
     0 | D:1      | Reached XP level 1. HP: 15/15 MP: 1/1
   346 | D:1      | Reached XP level 2. HP: 16/22 MP: 2/2
   846 | D:2      | Reached skill level 1 in Short Blades
   850 | D:2      | Reached XP level 3. HP: 28/28 MP: 3/3
  1556 | D:3      | Slain by an orc priest

Illustrated notes

Levels and vault maps discovered:
D:1:      dpeg_arrival_line_fractal, layout_loops_ring, minmay_pentomino_q2
D:2:      layout_basic
D:3:      layout_basic, nicolae_overflow_crystal_walls,
          mainiacjoe_overflow_paths, minmay_cupped

Skill      XL: |  1  2  3 |
---------------+----------+-----
Fighting       | 2 |  2.7
Short Blades   | 1 2 |  2.1
Armour         | |  2.0
Dodging        | |  1.0
Stealth        | |  1.0
Evocations     | |  3.0

Action                     || total
---------------------------++-------
  Melee: Rapier            ||   147
         Club              ||     8
         Punch             ||     1
  Evoke: Wand              ||     4
    Use: Potion            ||     1
   Stab: Sleeping          ||     4
         Distracted        ||     1
 Armour: Leather armour    ||   115
  Dodge: Dodged            ||   123
